 Dungeon Sprint DCSS version 0.24-a0-235-g3f03afcf10 (webtiles) character file.

Game seed: 5351297090549832809

23398 Findor the Severer (level 13, -11/126 HPs)
             Began as a Hill Orc Fighter on Apr 6, 2019.
             Was the Champion of Okawaru.
             Mangled by a jumping spider (24 damage)
             ... in the Dungeon (Sprint IX: "|||||||||||||||||||||||||||||").
             The game lasted 00:11:02 (4383 turns).

Findor the Severer (Hill Orc Fighter)               Turns: 4383, Time: 00:11:03

Health: -11/126    AC: 24    Str: 27    XL:     13   Next: 6%
Magic:  18/22      EV: 15    Int:  8    God:    Okawaru [******]
Gold:   850        SH: 14    Dex: 16    Spells: 12/12 levels left

rFire    . . .     SeeInvis +   D - +3 broad axe
rCold    . . .     Gourm    .   c - +0 shield
rNeg     . . .     Faith    .   F - +4 chain mail of Prudence {Dex+6}
rPois    .         Spirit   .   g - +2 helmet {SInv}
rElec    .         Reflect  .   (no cloak)
rCorr    .         Harm     .   E - +1 pair of gloves {archery}
MR       +....     NoTele   +   p - +0 pair of boots
Stlth    +.........             (no amulet)
HPRegen  0.31/turn              l - ring of protection from magic
MPRegen  0.18/turn              s - +3 ring of strength

@: finesse, very slightly contaminated
A: no striking features
a: Heroism, Finesse, Renounce Religion


You were in the Dungeon.
You worshipped Okawaru.
Okawaru was exalted by your worship.
You were not hungry.

You visited 1 branch You collected 1925 gold pieces.
You spent 1075 gold pieces at shops.


   Skills:
 + Level 15.0 Fighting
 + Level 17.8 Axes
 + Level 13.8 Armour
 + Level 10.6 Dodging
 + Level 7.6 Stealth
 + Level 13.9 Shields
 - Level 12.3 Invocations
 + Level 12.6 Evocations


You had 12 spell levels left.
You didn't know any spells.
Your spell library was empty.

Inventory:

Hand Weapons
 o - a +3 war axe of freezing
   (You found it in the Dungeon)
 D - a +3 broad axe (weapon)
   (You found it in the Dungeon)
Armour
 a - a +2 plate armour
   (You found it in the Dungeon)
 c - a +0 shield (worn)
 g - a +2 helmet of see invisible (worn)
   (Okawaru gifted it to you in the Dungeon)
 p - a +0 pair of boots (worn)
   (You found it in the Dungeon)
 A - the +5 pair of gloves of Hospitality {rElec rPois rC-}
   (Okawaru gifted it to you in the Dungeon)

   It makes you vulnerable to cold.
   It insulates you from electricity.
   It protects you from poison.
 E - a +1 pair of gloves of archery (worn)
   (You found it in the Dungeon)
 F - the +4 chain mail of Prudence (worn) {Dex+6}
   (You found it in the Dungeon)

   It affects your dexterity (+6).
Jewellery
 l - a ring of protection from magic (left hand)
   (You found it in the Dungeon)
 r - an uncursed ring of ice
   (You found it in the Dungeon)
 s - a +3 ring of strength (right hand)
   (You found it in the Dungeon)
Wands
 x - a wand of acid (4)
   (You found it in the Dungeon)
Scrolls
 k - 2 scrolls of blinking
 m - 5 scrolls of remove curse {@r2}
 n - 2 scrolls of amnesia
 v - 5 scrolls of enchant weapon
 w - 5 scrolls of fear
 y - 3 scrolls of enchant armour
 z - 2 scrolls of fog
 B - 5 scrolls of identify {@r1}
Potions
 b - a potion of brilliance
 d - 2 potions of might
 e - 5 potions of curing {@q1}
 h - a potion of haste {@q3}
 i - 4 potions of magic
 j - a potion of berserk rage
 q - a potion of invisibility
 t - 2 potions of agility
 u - 2 potions of resistance
Comestibles
 f - 9 rations


Message History

You block the emperor scorpion's attack.
You can now deal lightning-fast blows.
You block the jumping spider's attack. x2; The emperor scorpion stings you!
* * * LOW HITPOINT WARNING * * *
The emperor scorpion barely misses you. x2
The moth of wrath goads the jumping spider on!
The jumping spider goes berserk!
The jumping spider pounces on you.
* * * LOW HITPOINT WARNING * * *
You are caught in a web!
The jumping spider bites you but does no damage.
Unknown command.
Unknown command.
Unknown command.
The web tears apart.
You block the jumping spider's attack. x2
You block the emperor scorpion's attack.
The emperor scorpion claws you but does no damage.
The emperor scorpion barely misses you.
A redback comes into view.
The jumping spider barely misses you. You block the jumping spider's attack.
The emperor scorpion stings you.
* * * LOW HITPOINT WARNING * * *
The emperor scorpion claws you but does no damage.
The emperor scorpion claws you.
* * * LOW HITPOINT WARNING * * *
Unknown command.
Unknown command.
Unknown command.
You hit the emperor scorpion. You slash the jumping spider!
A wolf spider comes into view.
The jumping spider pounces on you but does no damage.
You block the jumping spider's attack.
The wolf spider hisses angrily.
You hit the emperor scorpion. You slash the jumping spider!
The emperor scorpion stings you!!
* * * LOW HITPOINT WARNING * * *
The emperor scorpion claws you.
* * * LOW HITPOINT WARNING * * *
You block the emperor scorpion's attack.
Unknown command.
Unknown command.
Unknown command.
Blink to where?
Press: ? - help, Dir - move target cursor, p - moth of wrath You are very lightly contaminated with residual magic.
As you read the scroll of blinking, it crumbles to dust.
You see here a +0 trident.
There is an open door to the Snake Pit here.
The jumping spider closely misses you. You block the jumping spider's attack.
The jumping spider pounces on you!!
You die...

,*,*+*,*,*,*,*,▓y▓.▓)▓.▓)▓.▓'▓.▓_
,*,*,*,*,*,*,*,▓)▓.▓)▓.▓)▓.▓.▓.▓_
,*,*,*,*,*,*,*,▓s▓.▓)▓.▓.▓.▓.▓.▓_
,*,*,*,*,*,*,*,▓.▓.▓.▓.▓.▓.▓.▓.▓_
,*,*,*,*,*,*+*,▓)▓.▓)▓.▓.▓.▓.▓.▓_
,*,*,*,*,*,*,*,▓)▓.▓)▓.▓.▓.▓.▓.▓'
,*,*,*,*,*,*,*,▓'▓.▓)▓.▓.▓.▓.▓.▓.
,*,*,*,*,*,*,*,▓s▓.▓.▓.▓.▓.▓!▓.▓.
,*,*,*,*,*,*,*,▓@▓.▓=▓.▓'▓.▓.▓.▓.
,*,*,*,*+*,*,*,▓.▓.▓=▓.▓.▓.▓.▓.▓.
,*,*,*,*,*,*,*,▓.▓.▓=▓.▓.▓.▓.▓.▓.
+*,*,*,*,*,*,*,▓.▓.▓.▓.▓.▓.▓.▓.▓÷
,*,*,*,*,*,*,*,▓.▓.▓'▓.▓.▓.▓.▓.▓.
,*,*,*,*,*,*,*,▓.▓.▓.▓.▓.▓.▓.▓.▓.
,*,*+*,*,*,*,*,▓.▓.▓.▓.▓.▓.▓'▓.▓.
,*,*,*,*,*,*,*,▓.▓.▓.▓.▓)▓.▓.▓.▓.
,*,*,*,*,*,*,*,▓.▓.▓.▓.▓)▓.▓.▓.▓.


You could see an emperor scorpion (berserk) and a jumping spider (berserk).

Vanquished Creatures
  A stone giant (D)
  A fire dragon (D)
  Josephine (D)
  A hydra (D)
  2 naga warriors (D)
  Erolcha (D)
  A two-headed ogre (D)
  A vampire mage (D)
  3 orc high priests (D)
  Sonja (D)
  A wizard (D)
  4 orc knights (D)
  A mana viper (D)
  An orb spider (D)
  4 orc sorcerers (D)
  A cyclops (D)
  A salamander (D)
  2 naga magi (D)
  5 black mambas (D)
  A spiny frog (D)
  A rime drake (D)
  A demonic crawler (D)
  A komodo dragon (D)
  A troll (D)
  A polar bear (D)
  2 slime creatures (D)
  2 hippogriffs (D)
  5 wraiths (D)
  A basilisk (D)
  A yak (D)
  A steam dragon (D)
  A vampire mosquito (D)
  2 wargs (D)
  An acid dragon (D)
  A porcupine (D)
  A hell hound (D)
  13 orc warriors (D)
  2 water moccasins (D)
  An ice beast (D)
  A black bear (D)
  An eye of draining (shapeshifter) (D)
  5 wolves (D)
  6 crocodiles (D)
  A bullfrog (D)
  A killer bee (D)
  A crimson imp (D)
  A jelly (D)
  3 orc priests (D)
  2 orc wizards (D)
  A shadow imp (D)
  A dart slug (D)
  2 leopard geckos (D)
  10 orcs (D)
  A bat (D)
  A bat zombie (D)
  A hobgoblin (D)
  3 quokkas (D)
  2 frilled lizards (D)
117 creatures vanquished.

Vanquished Creatures (others)
  A ball python zombie (D)
  A leopard gecko skeleton (D)
2 creatures vanquished.

Grand Total: 119 creatures vanquished

Notes
Turn   | Place    | Note
-------+----------+-------------------------------------------
     0 | D        | Findor the Hill Orc Fighter began the quest for the Orb.
     0 | D        | Reached XP level 1. HP: 19/19 MP: 1/1
     8 | D        | Reached skill level 4 in Axes
    10 | D        | Reached skill level 5 in Axes
    12 | D        | Reached XP level 2. HP: 24/26 MP: 2/2
    37 | D        | Noticed an ice beast
    38 | D        | Reached skill level 6 in Axes
    62 | D        | Killed an ice beast
    62 | D        | Reached skill level 12 in Axes
    62 | D        | Reached XP level 3. HP: 11/31 MP: 3/3
    62 | D        | Reached XP level 4. HP: 14/39 MP: 4/4
   352 | D        | Found a roughly hewn altar of Beogh.
   352 | D        | Found a snail-covered altar of Cheibriados.
   352 | D        | Found a shadowy altar of Dithmenos.
   352 | D        | Found a white marble altar of Elyvilon.
   352 | D        | Found a blossoming altar of Fedhas.
   352 | D        | Found an opulent altar of Gozag.
   353 | D        | Found a hazy altar of Hepliaklqana.
   354 | D        | Found a viscous altar of Jiyva.
   355 | D        | Found an ancient bone altar of Kikubaaqudgha.
   356 | D        | Found a corrupted altar of Lugonu.
   357 | D        | Found a burning altar of Makhleb.
   358 | D        | Found a sparkling altar of Nemelex Xobeh.
   359 | D        | Found an iron altar of Okawaru.
   360 | D        | Found a stormy altar of Qazlal.
   361 | D        | Found a sacrificial altar of Ru.
   362 | D        | Found a deep blue altar of Sif Muna.
   363 | D        | Found a bloodstained altar of Trog.
   364 | D        | Found a hide-covered altar of Uskayaw.
   365 | D        | Found a radiant altar of Vehumet.
   366 | D        | Found an ornate altar of the Wu Jian Council.
   367 | D        | Became a worshipper of Warmaster Okawaru
   368 | D        | Found a shimmering altar of Xom.
   369 | D        | Found a basalt altar of Yredelemnul.
   370 | D        | Found a glowing silver altar of Zin.
   371 | D        | Found a glowing golden altar of the Shining One.
   408 | D        | Noticed a black bear
   411 | D        | Reached XP level 5. HP: 32/45 MP: 5/5
   412 | D        | Reached skill level 14 in Axes
   413 | D        | Killed a black bear
   413 | D        | Reached skill level 15 in Axes
   413 | D        | Reached XP level 6. HP: 35/51 MP: 6/6
   418 | D        | Reached skill level 16 in Axes
   517 | D        | Noticed a steam dragon
   517 | D        | Noticed a cyclops
   517 | D        | Noticed a hippogriff
   523 | D        | Killed a hippogriff
   523 | D        | Reached * piety under Okawaru
   523 | D        | Reached skill level 1 in Dodging
   523 | D        | Reached skill level 3 in Invocations
   523 | D        | Reached XP level 7. HP: 59/60 MP: 6/9
   527 | D        | HP: 2/60 [cyclops (26)]
   534 | D        | Killed a cyclops
   534 | D        | Reached ** piety under Okawaru
   534 | D        | Reached skill level 6 in Fighting
   534 | D        | Reached skill level 3 in Dodging
   534 | D        | Reached XP level 8. HP: 36/71 MP: 5/12
   763 | D        | Reached skill level 6 in Armour
   763 | D        | Reached skill level 6 in Shields
   763 | D        | Reached skill level 6 in Invocations
   877 | D        | Noticed a yak
   877 | D        | Noticed a rime drake
   879 | D        | Noticed a komodo dragon
   887 | D        | Noticed a black mamba
   891 | D        | Killed a rime drake
   891 | D        | Reached *** piety under Okawaru
   898 | D        | Killed a yak
   898 | D        | Reached skill level 6 in Evocations
   898 | D        | Reached XP level 9. HP: 56/81 MP: 11/14
   903 | D        | Killed a komodo dragon
   918 | D        | Killed a black mamba
   918 | D        | Reached **** piety under Okawaru
   918 | D        | Reached skill level 9 in Fighting
  1147 | D        | Noticed a polar bear
  1147 | D        | Noticed a black mamba
  1147 | D        | Noticed a spiny frog
  1147 | D        | Noticed a four-headed hydra
  1149 | D        | Killed a spiny frog
  1149 | D        | Reached skill level 9 in Invocations
  1150 | D        | Killed a four-headed hydra
  1150 | D        | Reached skill level 6 in Dodging
  1150 | D        | Reached skill level 9 in Shields
  1150 | D        | Reached XP level 10. HP: 86/93 MP: 15/17
  1150 | D        | Reached skill level 9 in Armour
  1153 | D        | Killed a black mamba
  1153 | D        | Reached ***** piety under Okawaru
  1158 | D        | Received a gift from Okawaru
  1398 | D        | Noticed Erolcha
  1407 | D        | Killed Erolcha
  1407 | D        | Reached skill level 9 in Evocations
  1876 | D        | Reached XP level 11. HP: 94/104 MP: 12/19
  1877 | D        | Noticed an orc knight
  1881 | D        | Noticed an orc knight
  1929 | D        | Killed an orc knight
  1929 | D        | Reached skill level 12 in Invocations
  1940 | D        | Killed an orc knight
  1940 | D        | Reached skill level 12 in Fighting
  2251 | D        | Found Riarysmont's Assorted Antiques.
  2251 | D        | Noticed an orc knight
  2251 | D        | Noticed an orc high priest
  2251 | D        | Noticed an orc knight
  2251 | D        | Noticed an orc high priest
  2252 | D        | Noticed an orc sorcerer
  2254 | D        | Noticed an orc sorcerer
  2258 | D        | Killed an orc high priest
  2258 | D        | Reached skill level 1 in Stealth
  2264 | D        | Killed an orc knight
  2270 | D        | Killed an orc high priest
  2281 | D        | Found Karoizio's Food Shop.
  2286 | D        | Killed an orc knight
  2286 | D        | Reached skill level 3 in Stealth
  2287 | D        | Noticed a sun demon
  2294 | D        | Found Yqups's Assorted Antiques.
  2294 | D        | Noticed an orc sorcerer
  2298 | D        | Killed an orc sorcerer
  2298 | D        | Received a gift from Okawaru
  2306 | D        | Killed an orc sorcerer
  2307 | D        | Found Fubb's Armour Shop.
  2307 | D        | Noticed an orc high priest
  2311 | D        | Killed an orc sorcerer
  2311 | D        | Reached skill level 9 in Dodging
  2311 | D        | Reached skill level 12 in Shields
  2316 | D        | Noticed an orc sorcerer
  2322 | D        | Killed an orc high priest
  2322 | D        | Reached skill level 12 in Armour
  2334 | D        | Killed an orc sorcerer
  2353 | D        | Got a pair of polished gloves {god gift}
  2532 | D        | Bought a scroll labeled ZULESE MOCZI for 31 gold pieces
  2532 | D        | Identified the +5 pair of gloves of Hospitality {rElec
                  | rPois rC-} (Okawaru gifted it to you in the Dungeon)
  2533 | D        | Bought a scroll of identify for 62 gold pieces
  2533 | D        | Bought a scroll of remove curse for 93 gold pieces
  2537 | D        | Bought a scroll labeled XABBIA COFILOGG for 24 gold pieces
  2537 | D        | Bought a scroll of fear for 84 gold pieces
  2554 | D        | Noticed Sonja
  2576 | D        | Killed Sonja
  2948 | D        | Got the +4 chain mail of Prudence {Dex+6}
  3112 | D        | Bought a potion of resistance for 240 gold pieces
  3112 | D        | Bought a scroll of remove curse for 72 gold pieces
  3112 | D        | Bought a scroll of identify for 48 gold pieces
  3112 | D        | Bought a scroll of identify for 48 gold pieces
  3112 | D        | Bought a scroll of identify for 48 gold pieces
  3124 | D        | Bought a scroll of enchant weapon for 232 gold pieces
  3124 | D        | Bought a potion of curing for 93 gold pieces
  3253 | D        | Noticed a two-headed ogre
  3259 | D        | Killed a two-headed ogre
  3259 | D        | Reached XP level 12. HP: 83/115 MP: 21/21
  3272 | D        | Noticed a stone giant
  3275 | D        | Noticed a vampire mage
  3289 | D        | Killed a stone giant
  3307 | D        | Killed a vampire mage
  3317 | D        | Reached skill level 6 in Stealth
  3535 | D        | Noticed a fire dragon
  3546 | D        | Killed a fire dragon
  3546 | D        | Reached skill level 17 in Axes
  3849 | D        | Noticed Josephine
  3866 | D        | Killed Josephine
  3866 | D        | Reached skill level 12 in Evocations
  3990 | D        | Noticed a naga warrior
  3991 | D        | Noticed a naga warrior
  4040 | D        | Killed a naga warrior
  4050 | D        | Killed a naga warrior
  4050 | D        | Reached ****** piety under Okawaru
  4055 | D        | Reached XP level 13. HP: 45/125 MP: 13/22
  4062 | D        | Received a gift from Okawaru
  4368 | D        | Noticed an emperor scorpion
  4372 | D        | Reached skill level 15 in Fighting
  4378 | D        | HP: 17/126 [emperor scorpion (26)]
  4383 | D        | Mangled by a jumping spider

Levels and vault maps discovered:
D:        linesprint [early_d, line_temple, items_1, d_10, items_2, lair_1,
          lair_end, items_3, orc_1, orc_end, items_4, d_15, swamp_1, shoals_1,
          snake_1, spider_1, d_20, vaults_1, items_5, swamp_end, shoals_end,
          snake_end, spider_end, vaults_end, d_27, items_6, zot_1, zot_end,
          crypt_end, forest_end, elf_end, slime_end, tomb_end, abyss_end,
          pan_hell_end]

Action                   |  1- 3 |  4- 6 |  7- 9 | 10-12 | 13-15 || total
-------------------------+-------+-------+-------+-------+-------++-------
Melee: War axe           |    36 |    15 |    51 |   213 |       ||   315
       Broad axe         |       |       |       |   158 |    12 ||   170
Invok: Heroism           |       |       |     3 |     9 |       ||    12
       Finesse           |       |       |       |     7 |     1 ||     8
Evoke: Wand              |       |     1 |     2 |     1 |     2 ||     6
  Use: Potion            |       |       |     3 |     9 |       ||    12
       Scroll            |       |       |       |     2 |     2 ||     4
  Eat: Chunk             |       |       |     1 |     4 |       ||     5
       Ration            |       |       |       |     2 |       ||     2
Armor: Scale mail        |    10 |     7 |     4 |    28 |       ||    49
       Chain mail        |       |       |       |    18 |    10 ||    28
Dodge: Dodged            |     7 |     4 |    11 |    86 |    11 ||   119
Block: Shield            |    19 |     4 |    16 |   148 |    24 ||   211
